 Dungeon Crawl Stone Soup version 0.17-a0-1164-g0ba867e (webtiles) character file.

49 KlotserJr the Grasshopper (level 3, -4/18 HPs)
             Began as a Spriggan Warper on May 28, 2015.
             Slain by MrAV's ghost (13 damage)
             ... on level 3 of the Dungeon.
             The game lasted 00:05:59 (2188 turns).

KlotserJr the Grasshopper (Spriggan Warper)         Turns: 2188, Time: 00:05:59

Health: -4/18      AC:  2    Str:  8    XL:     3   Next: 53%
Magic:  8/8        EV: 19    Int: 14    God:
Gold:   40         SH:  0    Dex: 15    Spells: 2 memorised, 4 levels left

rFire  . . .     SeeInvis +     k - +0 rapier
rCold  . . .     Clarity  .     b - +0 robe
rNeg   . . .     SustAt   .     (shield restricted)
rPois  .         Gourm    .     (helmet restricted)
rElec  .         Spirit   .     (no cloak)
rCorr  .         Warding  .     (gloves unavailable)
rMut   .         Stasis   .     (boots unavailable)
MR     .....                    (no amulet)
Stlth  ++........               (no ring)
                                (no ring)

@: very quick, not resistant to hostile enchantments, unstealthy
A: unfitting armour, see invisible, herbivore 3, speed 3, slow metabolism 2
a: no special abilities


You were on level 3 of the Dungeon.
You were not hungry.

You visited 1 branch of the dungeon, and saw 3 of its levels.

You collected 40 gold pieces.

Inventory:

Hand weapons
 j - a +0 short sword
 k - a +0 rapier (weapon)
Missiles
 e - 5 tomahawks of dispersal (quivered)
Armour
 b - a +0 robe (worn)
Magical devices
 g - a wand of flame (42)
Scrolls
 d - 2 scrolls of blinking
 i - a scroll of random uselessness {unknown}
Potions
 h - a potion of ambrosia {unknown}
Books
 a - a book of the Dragon

   Spells                             Type                      Level
   a - Flame Tongue                   Conjuration/Fire             1
   b - Cause Fear                     Hexes                        4
   c - Bolt of Fire                   Conjuration/Fire             6
   d - Dragon Form                    Transmutation                7
   e - Dragon's Call                  Summoning                    9
 c - a book of Spatial Translocations

   Spells                             Type                      Level
   a - Apportation                    Translocation                1
   b - Blink                          Translocation                2
   c - Shroud of Golubria             Charms/Translocation         2
   d - Portal Projectile              Translocation                3
   e - Teleport Other                 Translocation                3
   f - Passage of Golubria            Translocation                4
Comestibles
 f - a bread ration


   Skills:
 - Level 1.5 Fighting
 * Level 2.9 Short Blades
 - Level 1.1 Throwing
 + Level 4.0 Dodging
 + Level 2.5 Stealth
 - Level 2.6 Spellcasting
 + Level 5.1 Translocations


You had 4 spell levels left.
You knew the following spells:

 Your Spells              Type           Power        Failure   Level  Hunger
a - Apportation           Tloc           ###.......   2%          1    #......
b - Blink                 Tloc           N/A          4%          2    ###....


Dungeon Overview and Level Annotations

Branches:
Dungeon (3/15)

Altars:

Annotations:
D:3 MrAV's ghost, average MiFi


Innate Abilities, Weirdness & Mutations

You are tiny and cannot use many weapons and most armour.
You have supernaturally acute eyesight.
You are a herbivore.
You cover ground extremely quickly.
You need consume almost no food.


Message History

The goblin misses you.
You hit the goblin.
You kill the goblin!
You hit MrAV's ghost.
MrAV's ghost is lightly damaged.
MrAV's ghost hits you!
You hit MrAV's ghost but do no damage.
MrAV's ghost is lightly damaged.
MrAV's ghost closely misses you.
You hit MrAV's ghost.
MrAV's ghost is lightly damaged.
MrAV's ghost closely misses you.
You hit MrAV's ghost.
MrAV's ghost is lightly damaged.
MrAV's ghost barely misses you.
You hit MrAV's ghost but do no damage.
MrAV's ghost is lightly damaged.
MrAV's ghost misses you. MrAV's ghost hits you!
Ouch! That really hurt!
You die...

## . #. ####.#####
.........#
.........#
.........########.
......).@W........
##.#.#####.##.#..
#.# #.# ..# ....
####. .# ##


You could see MrAV's ghost.

Vanquished Creatures
  An adder (D:2)
  An ooze (D:1)
  2 giant geckos
  3 giant cockroaches (D:1)
  5 hobgoblins
  A kobold (D:1)
  A giant newt (D:1)
  4 goblins
  9 jackals
  4 rats (D:1)
31 creatures vanquished.

Notes
Turn   | Place    | Note
--------------------------------------------------------------
     0 | D:1      | KlotserJr the Spriggan Warper began the quest for the Orb.
     0 | D:1      | Reached XP level 1. HP: 10/10 MP: 5/5
   742 | D:1      | Reached skill level 1 in Stealth
   971 | D:2      | Reached XP level 2. HP: 14/14 MP: 6/6
  1679 | D:1      | Reached XP level 3. HP: 9/18 MP: 8/8
  1684 | D:1      | Reached skill level 5 in Translocations
  1943 | D:1      | Learned a level 2 spell: Blink
  2175 | D:2      | You fall through a shaft!
  2179 | D:3      | Noticed MrAV's ghost (average MiFi)
  2188 | D:3      | Slain by MrAV's ghost

Vault maps used:
D:1:      minmay_arrival_doors
D:2:      grunt_temple_overflow_open, minivault_5, uniq_iyjb
D:3:      minitemple, serial_glass, glass_columns_a, glass_columns_a,
          uniq_grinder

Action                   || total
-------------------------++-------
Melee: Short sword       ||   127
       Rapier            ||    24
  Use: Scroll            ||     2
 Stab: Sleeping          ||     3
